[Event "Titled Tuesday Blitz May 10 Late 2022"]
[White "Sabar, Ethmane Daouda"]
[Black "Al-Tarboush, Ward"]
[WhiteFideId "19600097"]
[BlackFideId "7601450"]
[WhiteElo "1950"]
[BlackElo "2294"]
[Result "0-1"]
[Round "01"]
[TimeControl "180+1"]
[Date "2022.05.11"]
[WhiteClock "0:01:01"]
[BlackClock "0:02:13"]

1. b3 e5 2. Bb2 Nc6 3. e3 Nf6 4. Bb5 Bd6 5. d4 exd4 6. exd4 O-O 7. Ne2 b6 8. d5 Ne5 9. Ng3 Bb7 10. Nc3 Bb4 11. O-O d6 12. f4 Neg4 13. Nf5 Bc5+ 14. Kh1 g6 15. h3 gxf5 16. hxg4 Nxg4 17. g3 Qf6 18. Kg2 Ne3+ 0-1


[Site "https://www.chess.com"]

[Event "Titled Tuesday Blitz May 10 Late 2022"]
[White "Sailer, Mike"]
[Black "Martinez Reyes, Pedro Ramon"]
[WhiteFideId "2012901"]
[BlackFideId "3901807"]
[WhiteElo "2109"]
[BlackElo "2410"]
[Result "0-1"]
[Round "01"]
[TimeControl "180+1"]
[Date "2022.05.11"]
[WhiteClock "0:00:09"]
[BlackClock "0:01:19"]

1. Nf3 e6 2. d4 d5 3. Bf4 Nf6 4. e3 Bd6 5. Bg3 O-O 6. Bd3 b6 7. Qe2 a5 8. O-O Ba6 9. Nbd2 Bxd3 10. cxd3 c5 11. dxc5 bxc5 12. Bxd6 Qxd6 13. Rfc1 Nbd7 14. Rc2 Rfb8 15. Rac1 a4 16. Nb1 Rb4 17. a3 Rb3 18. Nfd2 Rb7 19. Nc3 Qa6 20. d4 c4 21. e4 Rab8 22. exd5 exd5 23. Nd1 Qa7 24. Nf3 Re8 25. Qd2 Ne4 26. Qf4 Ndf6 27. h3 Rb3 28. Ne3 Qb7 29. Ne5 Rxb2 30. f3 Rxc2 31. Rxc2 Nd6 32. N3g4 Nxg4 33. hxg4 f6 34. g5 fxe5 35. dxe5 Nf7 36. g6 hxg6 37. Re2 Qb1+ 38. Kh2 Qf5 0-1


[Site "https://www.chess.com"]

[Event "Titled Tuesday Blitz May 10 Late 2022"]
[White "Sanchez, Robert"]
[Black "Araujo Sanchez, Josue"]
[WhiteFideId "2034360"]
[BlackFideId "6416896"]
[WhiteElo "2191"]
[BlackElo "2339"]
[Result "1-0"]
[Round "01"]
[TimeControl "180+1"]
[Date "2022.05.11"]
[WhiteClock "0:00:32"]
[BlackClock "0:00:20"]

1. e4 c5 2. Nf3 d6 3. d4 cxd4 4. Nxd4 Nf6 5. Nc3 a6 6. Be3 e5 7. Nb3 Be7 8. f3 h5 9. Qd2 Be6 10. O-O-O Nbd7 11. h3 h4 12. Be2 Rc8 13. Kb1 Qc7 14. f4 b5 15. Bf3 b4 16. Ne2 a5 17. f5 Bc4 18. Nbc1 Qb7 19. Bg5 a4 20. Rhe1 a3 21. b3 Bxe2 22. Rxe2 Rc3 23. Nd3 O-O 24. Bxh4 Rfc8 25. Ne1 d5 26. exd5 Bd6 27. Be4 Qb6 28. g4 Qg1 29. Bf2 Nxe4 30. Rxe4 Qg2 31. Nxg2 1-0


[Site "https://www.chess.com"]

[Event "Titled Tuesday Blitz May 10 Late 2022"]
[White "Sargsyan, Anna M."]
[Black "Ng, Gary"]
[WhiteFideId "13308130"]
[BlackFideId "2604914"]
[WhiteElo "2271"]
[BlackElo "2245"]
[Result "1-0"]
[Round "01"]
[TimeControl "180+1"]
[Date "2022.05.11"]
[WhiteClock "0:01:45"]
[BlackClock "0:00:09"]

1. d4 Nf6 2. c4 e6 3. Nf3 b6 4. g3 Ba6 5. Qc2 c5 6. d5 exd5 7. cxd5 d6 8. Bg2 Be7 9. Nc3 O-O 10. O-O b5 11. Bf4 b4 12. Na4 Nbd7 13. Rad1 Qa5 14. Rfe1 Rac8 15. e4 c4 16. e5 dxe5 17. Nxe5 Rfe8 18. d6 Bf8 19. Nc6 Qh5 20. Nxb4 Bb5 21. Nc3 a6 22. a4 a5 23. Nbd5 Bc6 24. Rxe8 Nxe8 25. Ne7+ Bxe7 26. dxe7 Bxg2 27. Kxg2 Nc5 28. Rd8 Qg4 29. Qd1 Qxd1 30. Nxd1 1-0


[Site "https://www.chess.com"]

[Event "Titled Tuesday Blitz May 10 Late 2022"]
[White "Saveliev, Alexei"]
[Black "Boidiya, Sidi"]
[WhiteFideId "24128546"]
[BlackFideId "19600100"]
[WhiteElo "2281"]
[BlackElo "2113"]
[Result "1-0"]
[Round "01"]
[TimeControl "180+1"]
[Date "2022.05.11"]
[WhiteClock "0:00:48"]
[BlackClock "0:00:49"]

1. c4 c6 2. Nc3 d5 3. cxd5 cxd5 4. d4 Nf6 5. Nf3 e6 6. Bf4 Bd6 7. Bg5 Qb6 8. Qc2 Nbd7 9. e3 O-O 10. Bd3 a6 11. O-O h6 12. Bh4 Qc7 13. Rac1 b5 14. Qe2 Qb6 15. e4 dxe4 16. Nxe4 Bb7 17. Nxf6+ Nxf6 18. Bxf6 gxf6 19. Be4 f5 20. Bxb7 Qxb7 21. Ne5 Bxe5 22. Qxe5 Rac8 23. Qf6 Rxc1 24. Rxc1 Rc8 25. Rd1 Qe4 26. Qxh6 Rc2 27. h3 Rxb2 28. d5 Rb1 29. Qg5+ Kh7 30. Qh5+ Kg7 31. d6 Rxd1+ 32. Qxd1 Qa8 33. Qd4+ f6 34. d7 Qd8 35. Qd6 Kf7 36. h4 a5 37. h5 a4 38. h6 Kg6 39. Qxe6 Qa5 40. Qe8+ Kxh6 41. d8=Q Qc3 42. Qe3+ 1-0


[Site "https://www.chess.com"]

[Event "Titled Tuesday Blitz May 10 Late 2022"]
[White "Sernecki, Franciszek"]
[Black "Dubov, Daniil"]
[WhiteFideId "1169297"]
[BlackFideId "24126055"]
[WhiteElo "2189"]
[BlackElo "2791"]
[Result "1-0"]
[Round "01"]
[TimeControl "180+1"]
[Date "2022.05.10"]
[WhiteClock "0:00:09"]
[BlackClock "0:00:04"]

1. d4 Nf6 2. c4 c5 3. d5 e6 4. Nc3 exd5 5. cxd5 d6 6. e4 g6 7. Nf3 a6 8. a4 Bg4 9. Be2 Bxf3 10. Bxf3 Bg7 11. e5 dxe5 12. d6 Nc6 13. Bxc6+ bxc6 14. Bg5 O-O 15. O-O Qd7 16. Bxf6 Bxf6 17. Ne4 Qf5 18. Nxc5 e4 19. Qc2 Rad8 20. Rad1 Rfe8 21. Nb7 Rd7 22. Qxc6 Re5 23. b4 Qg4 24. Nc5 Rd8 25. d7 Kg7 26. f3 exf3 27. Qxf3 Qxf3 28. Rxf3 Be7 29. Nb7 Rb8 30. d8=Q Bxd8 31. Nxd8 Re2 32. Rxf7+ Kh6 33. Nc6 Rc8 34. b5 axb5 35. axb5 Rb2 36. Rb7 Re8 37. Re7 Ra8 38. Re3 Raa2 39. Rh3+ Kg5 40. Rg3+ Kf6 41. Nd4 h5 42. h3 Kg7 43. Rf1 Rd2 44. Nf5+ Kh7 45. Ne3 Re2 46. Rf7+ Kg8 47. Rf6 h4 48. Rgxg6+ Kh7 49. Nf5 Re1+ 50. Kh2 Raa1 51. Rg7+ Kh8 52. Rh6# 1-0


[Site "https://www.chess.com"]

[Event "Titled Tuesday Blitz May 10 Late 2022"]
[White "Shapiro, Daniel"]
[Black "Arabidze, Meri"]
[WhiteFideId "2001780"]
[BlackFideId "13604040"]
[WhiteElo "2336"]
[BlackElo "2335"]
[Result "0-1"]
[Round "01"]
[TimeControl "180+1"]
[Date "2022.05.11"]
[WhiteClock "0:00:01"]
[BlackClock "0:00:04"]

1. d4 d5 2. c4 dxc4 3. e4 Nc6 4. Be3 Nf6 5. f3 e5 6. d5 Nd4 7. Bxd4 exd4 8. Qxd4 c6 9. Nc3 cxd5 10. exd5 Bd6 11. Bxc4 O-O 12. Nge2 Qe7 13. Qh4 a6 14. a4 Bf5 15. O-O Rac8 16. Rae1 Qc7 17. Ba2 Bg6 18. Kh1 Qb6 19. b3 Bb4 20. Rc1 Bd3 21. Rfd1 Bg6 22. Bb1 Bxc3 23. Bxg6 hxg6 24. Rxc3 Rxc3 25. Nxc3 Qxb3 26. Qd4 Rd8 27. d6 Qe6 28. h3 Rd7 29. Qb6 Qf5 30. a5 Qe5 31. Na4 Ne8 32. Qb4 Rxd6 33. Re1 Qg3 34. Rxe8+ Kh7 35. Re1 Rd5 36. Qe4 Rxa5 37. Nc3 Rg5 0-1


[Site "https://www.chess.com"]

[Event "Titled Tuesday Blitz May 10 Late 2022"]
[White "Shapiro, David"]
[Black "Curtis, John"]
[WhiteFideId "24133523"]
[BlackFideId "3200256"]
[WhiteElo "2300"]
[BlackElo "2203"]
[Result "1/2-1/2"]
[Round "01"]
[TimeControl "180+1"]
[Date "2022.05.11"]
[WhiteClock "0:00:45"]
[BlackClock "0:01:32"]

1. d4 Nf6 2. Bf4 d6 3. Nc3 g6 4. e4 c6 5. Qd2 b5 6. f3 b4 7. Nd1 a5 8. Nf2 Nbd7 9. Ne2 e5 10. Be3 Ba6 11. Bh6 Bxh6 12. Qxh6 Bxe2 13. Bxe2 exd4 14. Rd1 Qb6 15. Bc4 Ne5 16. Qg7 Ke7 17. Be2 h6 18. f4 Rag8 19. Qxg8 Rxg8 20. fxe5 dxe5 21. O-O g5 22. Bc4 h5 23. Nd3 Ng4 24. Rxf7+ Kd8 1/2-1/2


[Site "https://www.chess.com"]

[Event "Titled Tuesday Blitz May 10 Late 2022"]
[White "Shimanov, Aleksandr"]
[Black "Bettalli, Francesco"]
[WhiteFideId "4198603"]
[BlackFideId "2816453"]
[WhiteElo "2605"]
[BlackElo "2216"]
[Result "1-0"]
[Round "01"]
[TimeControl "180+1"]
[Date "2022.05.10"]
[WhiteClock "0:00:59"]
[BlackClock "0:01:14"]

1. d4 Nf6 2. Nc3 d5 3. Bf4 c5 4. e4 cxd4 5. Qxd4 Nc6 6. Bb5 e6 7. exd5 exd5 8. O-O-O Be6 9. Nf3 Be7 10. Qa4 O-O 11. Nd4 Nxd4 12. Qxd4 a6 13. Bd3 Rc8 14. Be5 Ne8 15. Kb1 Bf6 16. Rhe1 Bxe5 17. Rxe5 Nf6 18. f4 Bg4 19. Rde1 Qa5 20. h3 Bd7 21. g4 Rfe8 22. g5 Ne4 23. Bxe4 Rxe5 24. Qxe5 Rxc3 25. bxc3 Qb6+ 26. Ka1 dxe4 27. Qb8+ 1-0


[Site "https://www.chess.com"]

[Event "Titled Tuesday Blitz May 10 Late 2022"]
[White "Simonovic, Miroslav"]
[Black "Della Morte, German"]
[WhiteFideId "919152"]
[BlackFideId "113522"]
[WhiteElo "2043"]
[BlackElo "2363"]
[Result "0-1"]
[Round "01"]
[TimeControl "180+1"]
[Date "2022.05.11"]
[WhiteClock "0:00:07"]
[BlackClock "0:01:45"]

1. d4 Nf6 2. Bg5 d5 3. Bxf6 gxf6 4. e3 c5 5. c4 cxd4 6. Qxd4 dxc4 7. Qxd8+ Kxd8 8. Bxc4 e6 9. Nc3 Bb4 10. O-O-O+ Ke7 11. Nb5 a6 12. Nc7 Ra7 13. Nf3 Bd6 14. Nd5+ exd5 15. Bxd5 Be6 16. e4 Nc6 17. a3 Raa8 18. Kb1 Rac8 19. Nd4 Nxd4 20. Rxd4 Bxd5 21. exd5 Kd7 22. f4 Rhe8 23. Rhd1 Re2 24. R4d2 Rxd2 25. Rxd2 Bxf4 26. Rd4 Bxh2 27. Rh4 Be5 28. Rxh7 Ke7 29. a4 Rc5 30. Rh3 Rxd5 31. Rb3 Rd7 32. Kc2 Ke6 33. Rb6+ Kf5 34. Rb4 Bd4 35. Rc4 Ke4 36. Rc8 f5 37. Re8+ Kf4 38. b4 Kg5 39. Rg8+ Kf6 40. Kb3 f4 41. Kc4 Be3 42. Re8 Kf5 43. g3 fxg3 44. Rxe3 Kf4 45. Re1 g2 46. Rg1 Kf3 47. Kc5 Kf2 48. Rxg2+ Kxg2 0-1


[Site "https://www.chess.com"]

[Event "Titled Tuesday Blitz May 10 Late 2022"]
[White "Skliarov, Viktor"]
[Black "Ansh M Shah"]
[WhiteFideId "14106736"]
[BlackFideId "25033379"]
[WhiteElo "2229"]
[BlackElo "1819"]
[Result "1-0"]
[Round "01"]
[TimeControl "180+1"]
[Date "2022.05.11"]
[WhiteClock "0:00:18"]
[BlackClock "0:00:14"]

1. e4 c6 2. d4 d5 3. e5 Bf5 4. Nf3 e6 5. Be2 c5 6. O-O Nc6 7. Be3 Qb6 8. Nc3 Qxb2 9. Qe1 cxd4 10. Bxd4 Nxd4 11. Nxd4 Bb4 12. Rb1 Bxc3 13. Rxb2 Bxe1 14. Rxe1 b6 15. Nb5 Kf8 16. c4 Ne7 17. Nd6 Be4 18. f3 Bg6 19. Rc1 f6 20. f4 Be4 21. c5 fxe5 22. fxe5 Ng6 23. Rf1+ Kg8 24. Nf7 bxc5 25. Nxh8 Kxh8 26. Bg4 Nxe5 27. Bxe6 Re8 28. Re2 h5 29. Bxd5 Bxd5 30. Rfe1 Bxa2 31. Rxe5 Rxe5 32. Rxe5 c4 33. Rxh5+ Kg8 34. Ra5 Kf7 35. Rxa7+ Ke6 36. Rxa2 Kd5 37. Kf2 Kd4 38. Ke2 c3 39. Rc2 Kc4 40. g4 Kb3 41. Kd3 1-0


[Site "https://www.chess.com"]

[Event "Titled Tuesday Blitz May 10 Late 2022"]
[White "Song, Guannan Terry"]
[Black "Keymer, Vincent"]
[WhiteFideId "2614189"]
[BlackFideId "12940690"]
[WhiteElo "2115"]
[BlackElo "2548"]
[Result "0-1"]
[Round "01"]
[TimeControl "180+1"]
[Date "2022.05.10"]
[WhiteClock "0:00:07"]
[BlackClock "0:00:14"]

1. e4 c6 2. d4 d5 3. exd5 cxd5 4. Bd3 Nf6 5. c3 Bg4 6. Qb3 Qc7 7. Ne2 Bxe2 8. Bxe2 e6 9. Bg5 Ne4 10. Bh4 Bd6 11. Bd3 f5 12. Bxe4 fxe4 13. Bg3 Nc6 14. Na3 a6 15. Nc2 O-O 16. O-O Na5 17. Qa4 Nc4 18. Bxd6 Qxd6 19. b3 Nd2 20. Rfe1 Qf4 21. Re2 Nf3+ 22. gxf3 exf3 23. Re3 Qg4+ 24. Kf1 Qg2+ 25. Ke1 Qg1+ 26. Kd2 Qxf2+ 27. Kd3 Qg2 28. Qd7 f2 29. Qxe6+ Kh8 30. Rg3 f1=Q+ 31. Rxf1 Qxf1+ 32. Qe2 Qxe2+ 33. Kxe2 Rae8+ 34. Ne3 h6 35. h4 Kh7 36. h5 Rf4 37. Kd3 Rf2 38. a4 Rd8 39. c4 dxc4+ 40. bxc4 Rh2 41. Nf5 Rd7 42. c5 Rxh5 43. Nd6 b6 44. c6 Rxd6 45. c7 Rc5 46. Re3 0-1


[Site "https://www.chess.com"]

[Event "Titled Tuesday Blitz May 10 Late 2022"]
[White "Souleidis, Georgios"]
[Black "Petrova, Irina"]
[WhiteFideId "4206827"]
[BlackFideId "14124122"]
[WhiteElo "2401"]
[BlackElo "1993"]
[Result "1-0"]
[Round "01"]
[TimeControl "180+1"]
[Date "2022.05.11"]
[WhiteClock "0:00:26"]
[BlackClock "0:00:50"]

1. e4 c5 2. Be2 Nc6 3. f4 g6 4. d3 Bg7 5. Nf3 d6 6. O-O Nf6 7. c3 O-O 8. Kh1 b5 9. a3 Rb8 10. Be3 a5 11. Nbd2 b4 12. d4 bxc3 13. bxc3 cxd4 14. cxd4 e5 15. fxe5 dxe5 16. d5 Ng4 17. Bc5 Ne7 18. Nc4 Ba6 19. h3 Nf6 20. Ncxe5 Bxe2 21. Qxe2 Nh5 22. Qf2 Qc7 23. d6 Ng3+ 24. Qxg3 Qxc5 25. dxe7 Qxe7 26. Nc6 Qb7 27. Nxb8 Bxa1 28. Rxa1 Rxb8 29. Qe5 Rc8 30. Qd4 h6 31. Ne5 Rc2 32. Ng4 h5 33. Nf6+ Kf8 34. Rf1 Qb2 35. Qd8+ Kg7 36. Qg8+ Kh6 37. h4 1-0


[Site "https://www.chess.com"]

[Event "Titled Tuesday Blitz May 10 Late 2022"]
[White "Stanisz, Patryk"]
[Black "Martic, Ivan"]
[WhiteFideId "1123106"]
[BlackFideId "929301"]
[WhiteElo "1833"]
[BlackElo "2317"]
[Result "0-1"]
[Round "01"]
[TimeControl "180+1"]
[Date "2022.05.11"]
[WhiteClock "0:00:03"]
[BlackClock "0:01:18"]

1. d4 Nf6 2. c4 g6 3. Nc3 Bg7 4. e4 d6 5. Bd3 O-O 6. Nge2 Nc6 7. O-O Nh5 8. Ng3 Nxg3 9. hxg3 Nxd4 10. Be3 c5 11. Rc1 a6 12. b3 Rb8 13. f4 Bd7 14. g4 b5 15. f5 bxc4 16. Bxc4 Bb5 17. g5 Be5 18. Nd5 Bxc4 19. bxc4 e6 20. Nf6+ Bxf6 21. gxf6 Qxf6 22. fxg6 Qxg6 23. Bxd4 cxd4 24. Qxd4 e5 25. Qc3 Qxe4 26. Rf3 Rb1 27. Rxb1 Qxb1+ 28. Kh2 Qe4 29. Rg3+ Kh8 30. Kg1 Rc8 0-1


[Site "https://www.chess.com"]

[Event "Titled Tuesday Blitz May 10 Late 2022"]
[White "Steinberg, Nitzan"]
[Black "Nozdrachev, Leonid"]
[WhiteFideId "2801795"]
[BlackFideId "24113433"]
[WhiteElo "2471"]
[BlackElo "2255"]
[Result "1/2-1/2"]
[Round "01"]
[TimeControl "180+1"]
[Date "2022.05.10"]
[WhiteClock "0:00:21"]
[BlackClock "0:00:13"]

1. e4 d6 2. d4 Nf6 3. Nc3 e5 4. Nf3 Nbd7 5. Bc4 Be7 6. O-O O-O 7. a4 c6 8. h3 Qc7 9. Re1 Re8 10. b3 Nf8 11. dxe5 dxe5 12. Ng5 Ne6 13. Nxe6 Bxe6 14. Bxe6 fxe6 15. Qe2 Bb4 16. Qc4 Qa5 17. Bb2 Rad8 18. Red1 Qc5 19. Rxd8 Rxd8 20. Qxe6+ Kf8 21. Na2 Qxc2 22. Bxe5 Bc5 23. Qf5 Qxe4 24. Qf4 Qxf4 25. Bxf4 Rd3 26. b4 Bd4 27. Re1 Ra3 28. Nc1 Rxa4 29. Nb3 Bc3 30. Bd6+ Kf7 31. Re7+ Kg6 32. Rxb7 Ne4 33. Bc5 Ra3 34. b5 Rxb3 35. bxc6 Rxb7 36. cxb7 Be5 37. Bxa7 Kf5 38. b8=Q Bxb8 39. Bxb8 g6 40. f3 Nc3 41. Kf2 h5 42. g4+ hxg4 43. hxg4+ Ke6 44. Ba7 Nb5 45. Be3 Nc3 46. Bd2 Nd5 47. Kg3 Kf6 48. Bc1 Ke6 49. Kh4 Kf6 50. Bb2+ Kf7 51. Kg5 Nb4 52. Bc3 Nd5 53. Be5 Nb6 54. Kf4 Nd5+ 55. Ke4 Ke6 56. Bd4 Ne7 57. Bc5 Nd5 58. f4 Nf6+ 59. Kf3 Nd5 60. Bd4 Ne7 61. Ke4 Nc6 62. Bc3 Ne7 63. Bb4 Nc6 64. Bc5 Nd8 65. Bd4 Nc6 66. Be5 Ne7 67. Bc3 Nc6 68. Bd2 Ne7 69. Be3 Nc6 70. Bc5 Nd8 71. f5+ gxf5+ 72. gxf5+ Kf7 73. Bd4 Nc6 74. Bc3 Ne7 75. f6 Ng8 76. Kf5 Nxf6 1/2-1/2


[Site "https://www.chess.com"]

[Event "Titled Tuesday Blitz May 10 Late 2022"]
[White "Stoleriu, George"]
[Black "Adla, Diego"]
[WhiteFideId "1227505"]
[BlackFideId "100072"]
[WhiteElo "2194"]
[BlackElo "2377"]
[Result "0-1"]
[Round "01"]
[TimeControl "180+1"]
[Date "2022.05.11"]
[WhiteClock "0:00:10"]
[BlackClock "0:00:06"]

1. e4 c6 2. Nf3 d5 3. exd5 cxd5 4. Ne5 Nc6 5. d4 Nf6 6. Bb5 Bd7 7. Nxd7 Qxd7 8. c3 e6 9. O-O Bd6 10. Nd2 Qc7 11. Nf3 Ne4 12. Qe2 O-O 13. a4 Rae8 14. Bd3 f5 15. h3 h6 16. Bd2 g5 17. b4 Qg7 18. b5 Ne7 19. c4 Ng6 20. Rfe1 g4 21. hxg4 fxg4 22. Bxe4 dxe4 23. Ne5 Bxe5 24. dxe5 Nh4 25. Kh1 Rf5 26. Bf4 Rxf4 27. g3 Rf3 28. gxh4 Ref8 29. Rf1 Qe7 30. Kg2 Qxh4 31. Ra2 Qh3+ 32. Kg1 g3 33. Qxe4 Qh2# 0-1


[Site "https://www.chess.com"]

[Event "Titled Tuesday Blitz May 10 Late 2022"]
[White "Svane, Frederik"]
[Black "Batsiashvili, Nino"]
[WhiteFideId "12923044"]
[BlackFideId "13602993"]
[WhiteElo "2459"]
[BlackElo "2193"]
[Result "1-0"]
[Round "01"]
[TimeControl "180+1"]
[Date "2022.05.10"]
[WhiteClock "0:00:05"]
[BlackClock "0:00:01"]

1. e4 c6 2. d4 d5 3. exd5 cxd5 4. Nf3 Bg4 5. c3 Nf6 6. h3 Bh5 7. Qb3 Qc8 8. Ne5 e6 9. Bb5+ Nfd7 10. Bf4 a6 11. Bd3 Nc6 12. Nxc6 bxc6 13. O-O Be7 14. Nd2 c5 15. Qc2 c4 16. Nxc4 dxc4 17. Be4 Bg6 18. Bxg6 hxg6 19. Rfe1 O-O 20. d5 e5 21. Bxe5 Nxe5 22. Rxe5 Bd6 23. Re4 Qf5 24. Qe2 Qxd5 25. Rd1 Qc6 26. Rxc4 Qb6 27. Qf3 Rac8 28. Rcd4 Bc5 29. R4d2 Rcd8 30. b4 Rxd2 31. Rxd2 Be7 32. a3 Bf6 33. c4 Qe6 34. Qe2 Qf5 35. Qd3 Qe5 36. Re2 Qa1+ 37. Kh2 Be5+ 38. g3 Bd4 39. Kg2 Rd8 40. c5 Bf6 41. Qxa6 Rd1 42. Qa8+ Kh7 43. Qf3 Qd4 44. Qe4 Qc3 45. Qc2 Qd4 46. c6 Qd5+ 47. Qe4 Qd6 48. Rc2 Ra1 49. Qf3 Bd8 50. Rc4 Bc7 51. Qxf7 Bd8 52. Qf3 Rb1 53. c7 Bxc7 54. Rh4+ Kg8 55. Qa8+ Bd8 56. Re4 Qd1 57. Re1 Qxe1 58. Qxd8+ 1-0


[Site "https://www.chess.com"]

[Event "Titled Tuesday Blitz May 10 Late 2022"]
[White "Svane, Rasmus"]
[Black "Adewumi, Tanitoluwa"]
[WhiteFideId "4657101"]
[BlackFideId "30966396"]
[WhiteElo "2674"]
[BlackElo "2518"]
[Result "1-0"]
[Round "01"]
[TimeControl "180+1"]
[Date "2022.05.10"]
[WhiteClock "0:00:30"]
[BlackClock "0:00:01"]

1. Nf3 d5 2. g3 Nf6 3. Bg2 Bf5 4. O-O e6 5. c4 c6 6. Qb3 Qb6 7. d3 Nbd7 8. cxd5 exd5 9. Qc2 Bg6 10. Nc3 Bb4 11. a3 Bxc3 12. Qxc3 O-O 13. Be3 Qc7 14. b4 Rfe8 15. Rfe1 Qd6 16. Bd4 Re7 17. Rad1 Rae8 18. e3 b6 19. Rc1 c5 20. bxc5 bxc5 21. Bxc5 Nxc5 22. Qxc5 Qxc5 23. Rxc5 Bxd3 24. Nd4 Be4 25. Bxe4 Rxe4 26. Rb1 g6 27. Rc6 Kg7 28. Rb7 R8e7 29. Rcc7 Rxc7 30. Rxc7 a5 31. Ra7 Ng4 32. Rxa5 Ne5 33. a4 Nc4 34. Rxd5 Nb6 35. Ra5 Re7 36. Ra6 Rb7 37. a5 Nc4 38. Ra8 Rb1+ 39. Kg2 Rb2 40. Kf1 Ne5 41. a6 Ng4 42. h3 Nh2+ 43. Kg2 Nf1 44. Kxf1 1-0


[Site "https://www.chess.com"]

[Event "Titled Tuesday Blitz May 10 Late 2022"]
[White "Svicevic, Rastko"]
[Black "Thorhallsson, Simon"]
[WhiteFideId "916315"]
[BlackFideId "2310090"]
[WhiteElo "2132"]
[BlackElo "2137"]
[Result "1-0"]
[Round "01"]
[TimeControl "180+1"]
[Date "2022.05.11"]
[WhiteClock "0:00:45"]
[BlackClock "0:00:19"]

1. d4 Nf6 2. Bg5 e6 3. e4 h6 4. Bxf6 Qxf6 5. c3 g6 6. Bd3 Bg7 7. Ne2 O-O 8. O-O b6 9. f4 d6 10. Nd2 Bb7 11. Ng3 c5 12. dxc5 bxc5 13. f5 Nd7 14. fxg6 Qxg6 15. Nf3 Ne5 16. Bc2 Kh8 17. Qxd6 Rad8 18. Nxe5 Rxd6 19. Nxg6+ fxg6 20. Rxf8+ Bxf8 21. Rd1 Rxd1+ 22. Bxd1 h5 23. Bc2 h4 24. Ne2 Bd6 25. g3 Ba6 26. Nf4 hxg3 27. hxg3 Kg7 28. Nxe6+ Kf6 29. Nf4 g5 30. Nh5+ Kg6 31. e5+ Kxh5 32. exd6 Bc8 33. Ba4 Bd7 34. Bxd7 1-0


[Site "https://www.chess.com"]

[Event "Titled Tuesday Blitz May 10 Late 2022"]
[White "Szabo, Marton Mihaly"]
[Black "Federzoni, Enzo"]
[WhiteFideId "787086"]
[BlackFideId "2173301"]
[WhiteElo "1984"]
[BlackElo "1956"]
[Result "1-0"]
[Round "01"]
[TimeControl "180+1"]
[Date "2022.05.11"]
[WhiteClock "0:00:09"]
[BlackClock "0:00:59"]

1. e4 c5 2. c4 Nc6 3. Nc3 g6 4. g3 Bg7 5. Bg2 e6 6. Nge2 Nge7 7. O-O O-O 8. d3 b6 9. Rb1 Bb7 10. a3 Nd4 11. b4 d6 12. Be3 Qd7 13. Qd2 f5 14. Bh6 fxe4 15. dxe4 e5 16. Bxg7 Kxg7 17. bxc5 dxc5 18. Nd5 Nxd5 19. cxd5 Ba6 20. Nxd4 exd4 21. Rfe1 Rae8 22. e5 Bb7 23. d6 Bxg2 24. Kxg2 Re6 25. f4 Rfe8 26. h4 h5 27. Kh2 b5 28. Rec1 Rc8 29. Qd3 a6 30. a4 Qc6 31. axb5 axb5 32. Qxb5 Qf3 33. Qb7+ Qxb7 34. Rxb7+ Kh6 35. d7 Rd8 36. Rxc5 Re7 37. Rd5 d3 38. Rxd3 Kg7 39. Rd6 Kh6 40. Kg2 Rf7 41. Kf3 Rdxd7 42. Rbxd7 Rxf4+ 43. Ke3 Re4+ 44. Kd3 Re3+ 45. Kc4 Rc3+ 46. Kd5 Rc5+ 47. Ke6 Rxe5+ 48. Kf7 Rf5+ 49. Rf6 Rf4 50. Rxf4 g5 51. Rf6+ Kh7 52. Kf8+ Kh8 53. Rh6# 1-0


[Site "https://www.chess.com"]

[Event "Titled Tuesday Blitz May 10 Late 2022"]
[White "Tanenbaum, Zachary"]
[Black "Cilek, Bora"]
[WhiteFideId "2060850"]
[BlackFideId "34502165"]
[WhiteElo "2168"]
[BlackElo "2395"]
[Result "0-1"]
[Round "01"]
[TimeControl "180+1"]
[Date "2022.05.11"]
[WhiteClock "0:00:05"]
[BlackClock "0:00:20"]

1. e4 c5 2. Nf3 Nc6 3. Nc3 g6 4. d4 cxd4 5. Nxd4 Bg7 6. Be3 Nf6 7. Bc4 O-O 8. Bb3 d6 9. h3 Bd7 10. O-O Nxd4 11. Bxd4 b5 12. f4 b4 13. Nd5 Nxd5 14. Bxd5 Rc8 15. Bxg7 Kxg7 16. f5 Qb6+ 17. Kh1 Qc5 18. Qf3 f6 19. fxg6 hxg6 20. Bb3 a5 21. a4 Qe5 22. Rab1 Rc5 23. Rfd1 Be6 24. Bd5 Rfc8 25. Qb3 Bxd5 26. Rxd5 Qxe4 27. Rdd1 Rxc2 28. Qg3 Re2 29. Re1 Rcc2 30. Rxe2 Rxe2 31. Rc1 Qe3 32. Qxe3 Rxe3 33. Rc7 Re2 34. Ra7 Kf7 35. Rxa5 Rxb2 36. Rb5 b3 37. a5 Ra2 38. Rxb3 Rxa5 39. Kh2 e5 40. h4 Ke6 41. g4 Ra4 42. h5 gxh5 43. gxh5 Rh4+ 44. Kg3 Rxh5 45. Kg4 Rh1 46. Rc3 Ra1 47. Rd3 Ra4+ 48. Kg3 d5 49. Rd1 d4 50. Kf3 f5 51. Re1 Ra3+ 52. Kf2 e4 53. Rd1 Ke5 54. Rb1 Ra2+ 55. Kg3 d3 56. Rb5+ Kd4 57. Rb8 Ke3 58. Rf8 d2 59. Rd8 Ra3 60. Kg2 Rd3 61. Rg8 d1=Q 62. Rg3+ Kd4 63. Kh3 Rxg3+ 64. Kh2 Qg1# 0-1


[Site "https://www.chess.com"]

[Event "Titled Tuesday Blitz May 10 Late 2022"]
[White "Tatarinov, Dmitry"]
[Black "Melikhov, Evgeny V."]
[WhiteFideId "24160067"]
[BlackFideId "4122046"]
[WhiteElo "2302"]
[BlackElo "1931"]
[Result "1-0"]
[Round "01"]
[TimeControl "180+1"]
[Date "2022.05.11"]
[WhiteClock "0:00:47"]
[BlackClock "0:00:06"]

1. d4 Nf6 2. c4 e6 3. Nf3 d5 4. Nc3 Bb4 5. Bg5 h6 6. Bh4 c5 7. cxd5 exd5 8. e3 g5 9. Bg3 Qa5 10. Nd2 c4 11. Rc1 Bxc3 12. bxc3 Qxa2 13. Be2 Qa6 14. O-O Bf5 15. f4 g4 16. e4 Nxe4 17. Nxe4 Bxe4 18. Bxg4 f5 19. Bh5+ Kf8 20. Bh4 Nd7 21. g4 Nf6 22. gxf5 Nxh5 23. Qxh5 Rg8+ 24. Bg3 Qf6 25. Kf2 b5 26. Rg1 a5 27. Bh4 Qxf5 28. Qxh6+ Kf7 29. Qd6 Rg6 30. Rxg6 Qxg6 31. Qe7+ Kg8 32. Rg1 Qxg1+ 33. Kxg1 b4 34. Bf6 1-0


[Site "https://www.chess.com"]

[Event "Titled Tuesday Blitz May 10 Late 2022"]
[White "Tisaj, Domen"]
[Black "Akrakan"]
[WhiteFideId "14628708"]
[WhiteElo "2326"]
[BlackElo "2125"]
[Result "1-0"]
[Round "01"]
[TimeControl "180+1"]
[Date "2022.05.11"]
[WhiteClock "0:00:23"]
[BlackClock "0:00:43"]

1. d4 d5 2. c4 e6 3. Nc3 Nf6 4. cxd5 exd5 5. Bg5 Be7 6. e3 c6 7. Bd3 Ne4 8. Bxe7 Qxe7 9. Qc2 Nxc3 10. bxc3 h6 11. Ne2 O-O 12. O-O Bg4 13. Ng3 Nd7 14. c4 Nf6 15. Rab1 b6 16. cxd5 cxd5 17. h3 Be6 18. Rfc1 Rac8 19. Qd2 Qd7 20. Qb4 Rxc1+ 21. Rxc1 Rc8 22. Rb1 Qc7 23. Ba6 Rd8 24. a4 g6 25. Qb2 Ne4 26. Rc1 Qe7 27. Nxe4 dxe4 28. Bc4 Rc8 29. Bxe6 Qxe6 30. Rc3 Rxc3 31. Qxc3 Qd5 32. Qc7 Qa5 33. Kh2 Qxa4 34. d5 Qa1 35. Qd8+ Kg7 36. Qe7 Qe1 37. Qe5+ Kf8 38. d6 Kg8 39. d7 Qd2 40. Qe8+ Kg7 41. d8=Q Qxd8 42. Qxd8 a5 43. Qxb6 a4 44. Qd4+ Kf8 45. Qxa4 Ke7 46. Qxe4+ Kf6 47. Qf4+ Kg7 48. Qe5+ Kh7 49. Qf6 Kg8 50. h4 1-0


[Site "https://www.chess.com"]